 Dungeon Crawl Stone Soup version 0.23-a0-296-ga3b1b28ecf (webtiles) character file.

1100 kkr the Thaumaturge (level 8, 0/41 HPs)
             Began as a Deep Elf Fire Elementalist on Oct 5, 2018.
             Was a Follower of Vehumet.
             Slain by kroki's ghost (7 damage)
             ... on level 3 of the Dungeon.
             The game lasted 00:15:05 (5227 turns).

kkr the Thaumaturge (Deep Elf Fire Elementalist)    Turns: 5227, Time: 00:15:05

Health: 0/41       AC:  4    Str:  5    XL:     8   Next: 10%
Magic:  18/22      EV: 12    Int: 23    God:    Vehumet [*.....]
Gold:   356        SH:  0    Dex: 15    Spells: 7/23 levels left

rFire    . . .     SeeInvis .   l - +2 dagger (venom)
rCold    . . .     Gourm    .   (no shield)
rNeg     . . .     Faith    .   p - +0 leather armour
rPois    .         Spirit   .   (no helmet)
rElec    .         Reflect  .   (no cloak)
rCorr    .         Harm     .   k - +0 pair of gloves
MR       .....                  (no boots)
Stlth    +++.......             (no amulet)
HPRegen  0.13/turn              d - ring of stealth
MPRegen  0.18/turn              o - ring of flight

@: no status effects
A: no striking features
a: Renounce Religion, Evoke Flight


You were on level 3 of the Dungeon.
You worshipped Vehumet.
Vehumet was aware of your devotion.
You were not hungry.

You visited 2 branches of the dungeon, and saw 7 of its levels.
You also visited: Sewer.

You collected 356 gold pieces.

Inventory:

Hand Weapons
 l - a +2 dagger of venom (weapon)
 v - a +4 spear
Armour
 k - a +0 pair of gloves (worn)
 p - a +0 leather armour (worn)
Jewellery
 d - a ring of stealth (left hand)
 o - a ring of flight (right hand)
Wands
 q - a wand of iceblast (10)
 w - a wand of disintegration (11)
Scrolls
 f - a scroll of immolation
 g - a scroll of amnesia
 h - a scroll of fear
 j - 2 scrolls of teleportation
 m - 3 scrolls of remove curse
 u - a scroll of identify
Potions
 a - 2 potions of magic {unknown}
 b - 2 potions of flight {unknown}
 e - 2 potions of might {unknown}
 i - a potion of agility {unknown}
 n - 2 potions of brilliance {unknown}
 r - 2 potions of heal wounds {unknown}
 s - a potion of lignification {unknown}
 t - 2 potions of curing {unknown}
Comestibles
 c - 9 rations


   Skills:
 - Level 2.4 Dodging
 - Level 2.4 Stealth
 * Level 8.4 Spellcasting
 * Level 6.6 Conjurations
 + Level 5.6 Fire Magic


You had 7 spell levels left.
You knew the following spells:

 Your Spells              Type           Power        Failure   Level  Hunger
a - Flame Tongue          Conj/Fire      #####        1%          1    None
b - Conjure Flame         Conj/Fire      #####...     2%          3    None
c - Sticky Flame          Conj/Fire      #####...     9%          4    ##.....
d - Inner Flame           Hex/Fire       ###.....     11%         3    None
e - Fireball              Conj/Fire      #####.....   24%         5    #####..

Your spell library contained the following spells:

 Spells                   Type           Power        Failure   Level  Hunger
 Sting                    Conj/Pois      ####         2%          1    None
 Throw Flame              Conj/Fire      #####.       1%          2    None
 Beastly Appendage        Tmut           #.....       11%         1    None
 Sticks to Snakes         Tmut           #.......     17%         2    None
 Spider Form              Tmut/Pois      #.........   32%         3    None
 Ice Form                 Ice/Tmut       #.......     73%         4    ##.....
 Blade Hands              Tmut           #.........   97%         5    #####..


Dungeon Overview and Level Annotations

Branches:
Dungeon (6/15)             Temple (1/1) D:6

Altars:
Ashenzari
Cheibriados
Elyvilon
Fedhas
Gozag
Kikubaaqudgha
Makhleb
Okawaru
Ru
Trog
Uskayaw
Vehumet
Wu Jian
Xom
Yredelemnul
Zin
The Shining One

Shops:
D:5 %

Annotations:
D:3 kroki's ghost, amateur HOFi


Message History

Kroki's ghost barely misses you.
Casting: Flame Tongue (safe; 1% risk of failure)
Confirm with . or Enter, or press ? or * to list all spells.
Aiming: Flame Tongue (safe; 1% risk of failure)
Press: ? - help, Shift-Dir - straight line, f/p - kroki's ghost
Aim: kroki's ghost (lightly damaged)
The flame tongue hits kroki's ghost.
Kroki's ghost is moderately damaged.
Kroki's ghost hits you!!
Casting: Flame Tongue (safe; 1% risk of failure)
Confirm with . or Enter, or press ? or * to list all spells.
Aiming: Flame Tongue (safe; 1% risk of failure)
Press: ? - help, Shift-Dir - straight line, f/p - kroki's ghost
Aim: kroki's ghost (moderately damaged)
The flame tongue hits kroki's ghost.
Kroki's ghost appears unharmed.
Kroki's ghost is moderately damaged.
Kroki's ghost hits you!
* * * LOW HITPOINT WARNING * * *
Kroki's ghost hits you!
You die...

##...............##.#............
.#...............##.#....#.......
.#...............##....#..#......
.....).............W#..##........
#................#...............
#................##...#..........
.........#.....#.###..##.........
.............###.#....###........
.......#.###..##@#.##.# ##.......
..............##W#.##.# #.......
.................).##.######.....
...#####.....##...###......#####.
.......................#####∩8$##
...#####..................#....$#
...# #............(.....#8$..$'
#### #.....#..(......####∩.8_$'
##.....#>.........###8..$$'


You could see kroki's ghost.

Vanquished Creatures
  A wyvern (D:3)
  2 sky beasts (D:6)
  An ice beast (D:6)
  A phantom (D:6)
  A big kobold (Sewer)
  A howler monkey (D:6)
  A crimson imp (D:5)
  3 hounds
  3 orc wizards (D:5)
  7 adders
  4 gnolls (D:6)
  2 river rats (Sewer)
  An ooze (D:1)
  An adder zombie (D:5)
  4 worms
  2 dart slugs
  6 leopard geckos
  11 orcs
  10 bats
  13 giant cockroaches
  12 hobgoblins
  6 jackals
  2 quokkas
  2 ball pythons (D:3)
  7 frilled lizards
  8 goblins
  A jackal skeleton (D:5)
  10 kobolds
  2 quokka skeletons
  6 rats
131 creatures vanquished.

Notes
Turn   | Place    | Note
-------+----------+-------------------------------------------
     0 | D:1      | kkr the Deep Elf Fire Elementalist began the quest for the
                  | Orb.
     0 | D:1      | Reached XP level 1. HP: 10/10 MP: 6/6
   221 | D:1      | Reached XP level 2. HP: 15/15 MP: 1/8
   807 | D:2      | Reached XP level 3. HP: 12/19 MP: 2/10
   812 | D:2      | Learned a level 3 spell: Conjure Flame
   954 | D:2      | Reached skill level 4 in Spellcasting
  1120 | D:2      | Reached XP level 4. HP: 14/24 MP: 3/12
  1129 | D:2      | Learned a level 4 spell: Sticky Flame
  1258 | D:2      | Learned a level 3 spell: Inner Flame
  1947 | D:3      | Reached skill level 5 in Spellcasting
  1947 | D:3      | Reached XP level 5. HP: 18/28 MP: 12/14
  2146 | D:3      | Found a runed gate.
  2147 | D:3      | Found an opulent altar of Gozag.
  2147 | D:3      | Noticed a wyvern
  2148 | D:3      | Found a runed gate.
  2148 | D:3      | Found a runed gate.
  2148 | D:3      | Noticed kroki's ghost (amateur HOFi)
  3009 | D:4      | Found a shimmering altar of Xom.
  3127 | D:5      | Entered Level 5 of the Dungeon
  3277 | D:5      | Found a snail-covered altar of Cheibriados.
  3336 | D:5      | Reached XP level 6. HP: 20/32 MP: 10/16
  3352 | D:5      | Learned a level 5 spell: Fireball
  3479 | D:5      | Found Qeruboy's Food Shoppe.
  3519 | D:5      | Reached skill level 6 in Spellcasting
  3620 | D:5      | Found a hide-covered altar of Uskayaw.
  3620 | D:5      | Found an iron altar of Okawaru.
  3626 | D:5      | Found a burning altar of Makhleb.
  3631 | D:5      | Found an ornate altar of the Wu Jian Council.
  3639 | D:5      | Found an ancient bone altar of Kikubaaqudgha.
  3681 | D:6      | Found a staircase to the Ecumenical Temple.
  3689 | Temple   | Entered the Ecumenical Temple
  3775 | Temple   | Became a worshipper of Vehumet
  3823 | D:6      | Noticed a sky beast
  3829 | D:6      | Noticed an ice beast
  3835 | D:6      | Killed an ice beast
  3842 | D:6      | Noticed a sky beast
  3858 | D:6      | Killed a sky beast
  3858 | D:6      | Reached skill level 5 in Conjurations
  3858 | D:6      | Reached XP level 7. HP: 36/36 MP: 5/19
  3958 | D:6      | Found a glowing drain.
  3984 | Sewer    | Entered a sewer
  3986 | Sewer    | Reached skill level 7 in Spellcasting
  4181 | Sewer    | Reached skill level 5 in Fire Magic
  4263 | Sewer    | Found a white marble altar of Elyvilon.
  4791 | D:6      | Reached * piety under Vehumet
  4791 | D:6      | Offered knowledge of Sting by Vehumet.
  4791 | D:6      | Reached skill level 8 in Spellcasting
  4994 | D:3      | Killed a wyvern
  4994 | D:3      | Reached XP level 8. HP: 11/41 MP: 14/22
  5227 | D:3      | Slain by kroki's ghost

Vault maps used:
D:1:      zelgadis_glass_arrival_small
D:3:      ebering_ghost_gozag
D:4:      kennysheep_little_box, first_ration
D:5:      cheibriados_altar_1, chequers_temple_overflow_minitemple,
          serial_shops, kennysheep_mini
D:6:      minmay_temple_entry_butterflies, gup_sewer_entry_pipe, st_stairs_12
Temple:   regret_index_temple_generic_petals
Sewer:    sewer_kobolds

Skill      XL: |  1  2  3  4  5  6  7 |
---------------+----------------------+-----
Conjurations   | 2 3 4 5 6 |  6.6
Spellcasting   | 4 5 6 8 |  8.4
Fire Magic     | 4 5 |  5.6
Dodging        | |  2.4
Stealth        | |  2.4

Action                   |  1- 3 |  4- 6 |  7- 9 || total
-------------------------+-------+-------+-------++-------
Melee: Unarmed           |     1 |       |       ||     1
       Dagger            |    21 |   105 |    36 ||   162
 Cast: Flame Tongue      |    45 |    77 |    48 ||   170
       Sticky Flame      |       |     1 |     6 ||     7
       Conjure Flame     |       |       |     1 ||     1
       Inner Flame       |       |       |     1 ||     1
  Use: Scroll            |       |     5 |       ||     5
 Stab: Sleeping          |     1 |     7 |       ||     8
       Distracted        |       |     1 |     1 ||     2
  Eat: Chunk             |       |     8 |     3 ||    11
       Ration            |       |       |     1 ||     1
Armor: Robe              |     5 |    14 |       ||    19
       Leather armour    |       |     8 |    26 ||    34
Dodge: Dodged            |    22 |    87 |    48 ||   157

Table legend:
 A = Non-vault XP
 B = Vault XP
 C = Vault XP percentage of total XP
 D = Non-vault monster count
 E = Vault monster count
 F = Vault count percentage of total count
                 A         B        C        D         E       F
            +---------+---------+-------+---------+---------+-------
      Total |    1198 |     374 |  23.8 |     108 |      23 |  17.6
            +---------+---------+-------+---------+---------+-------
        D:1 |      28 |       0 |   0.0 |      17 |       0 |   0.0
        D:2 |      97 |       0 |   0.0 |      25 |       0 |   0.0
        D:3 |      88 |     215 |  71.0 |      29 |       2 |   6.5
        D:4 |      73 |       0 |   0.0 |       8 |       0 |   0.0
        D:5 |     237 |       0 |   0.0 |      15 |       0 |   0.0
        D:6 |     675 |      24 |   3.4 |      14 |      10 |  41.7
      Sewer |       0 |     135 | 100.0 |       0 |      11 | 100.0
            +---------+---------+-------+---------+---------+-------
